 Dungeon Crawl Stone Soup version 0.31.0-11-ge490571c62 (webtiles) character file.

Game seed: 9527478819324734922

18 qw the Shooter (level 2, 0/16 HPs)
             Began as a Deep Elf Hunter on Feb 5, 2024.
             Succumbed to their own poison gas
             ... on level 1 of the Dungeon.
             The game lasted 00:00:12 (332 turns).

qw the Shooter (Deep Elf Hunter)                     Turns: 332, Time: 00:00:12

Health: 0/16       AC:  3    Str:  8    XL:     2   Next: 48%
Magic:  4/4        EV: 12    Int: 13    God:
Gold:   20         SH:  0    Dex: 18    Spells: 1/1 levels left

rFire   . . .        a - +0 shortbow
rCold   . . .        (shield currently unavailable)
rNeg    . . .        c - +0 leather armour
rPois   .            (no helmet)
rElec   .            (no cloak)
rCorr   .            (no gloves)
SInv    .            (no boots)
Will    .....        (no amulet)
Stlth   ++           (no ring)
HPRegen 0.22/turn    (no ring)
MPRegen 0.09/turn

%: no passive effects
@: lethally poisoned (0 -> -8)
A: no striking features
a: no special abilities


You were on level 1 of the Dungeon.
You visited 1 branch of the dungeon, and saw 1 of its levels.

You collected 20 gold pieces.


   Skills:
 - Level 1.5 Fighting
 + Level 6.3 Ranged Weapons
 - Level 2.4 Dodging
 - Level 1.2 Stealth


You had one spell level left.
You didn't know any spells.
Your spell library was empty.

Inventory:

Hand Weapons
 a - a +0 shortbow (weapon)
Armour
 c - a +0 leather armour (worn)
Potions
 e - a potion of enlightenment
 f - a potion of heal wounds {unknown}
 h - a potion of brilliance {unknown}
 j - a potion of mutation {unknown}

Dungeon Overview and Level Annotations

Branches:
Dungeon (1/15)

Altars:

Shops:
D:1 (


Message History

Done exploring.
Done exploring.
325 ||| READING scroll labelled WIRAMA QIAZ.
As you read the scroll labelled WIRAMA QIAZ, it crumbles to dust.
It is a scroll of identify.
325 ||| IDENTIFYING lumpy silvery potion
e - a potion of enlightenment Done exploring.
326 ||| READING scroll labelled YPNOAN ZAUMUSS.
The air fills with toxic fumes!
As you read the scroll labelled YPNOAN ZAUMUSS, it crumbles to dust.
It was a scroll of poison.
Done exploring.
327 ||| READING scroll labelled XYED FAETISSA.
As you read the scroll labelled XYED FAETISSA, it crumbles to dust.
It is a scroll of enchant armour.
327 ||| ENCHANTING +0 shortbow.
Done exploring.
328 ||| DROPPING scroll of butterflies.
You drop a scroll of butterflies.
Done exploring.
What level of the Dungeon? (default 1, ? - help) Sorry, I don't know how to get there.
Enter note:
Enter note:
Enter note:
Enter note:
Enter note:
Enter note:
Enter note:
Enter note:
Enter note: You are engulfed in poison gas.
You are lethally poisoned!
You feel very sick.
330 ||| Stepping ~*~*~tactically~*~*~ (cloud).
You feel very sick.
You see here a scroll of butterflies.
There is a lethal amount of poison in your body!
You feel sick.
There is a lethal amount of poison in your body!
You die...

#.#.......}...}......'..#....#..
#.##...}¤¤¤¤¤¤¤¤¤¤¤¤0##.........
#.#.....¤¤¤¤00¤¤¤¤¤0¤¤#.......##
#.#...}.¤¤¤¤¤¤¤¤¤0000¤#.#....###
#.'...(.0¤¤¤¤¤¤0¤¤¤¤00#.#....#..
###...}.¤¤0¤¤¤¤¤¤¤¤¤¤0#.#......#
#.....¤¤¤0¤¤¤¤¤0¤¤¤¤###.....##
##...}¤¤0¤¤¤¤0¤¤0¤¤###........
#.....¤¤¤¤0¤¤@¤¤¤¤¤0##.#.....#
###...¤0¤¤¤¤¤¤¤¤¤¤####.#....##
####¤¤¤¤¤¤¤0¤######..###.##
###############...####.#
#......................#
#...........#......#####
#)..........#......#
##.........##.\...##
##...#...###.....#


There were no monsters in sight!

Vanquished Creatures
  2 bats (D:1)
  An endoplasm (D:1)
  2 giant cockroaches (D:1)
  3 goblins (D:1)
  A quokka (D:1)
  2 ball pythons (D:1)
  A frilled lizard (D:1)
  4 kobolds (D:1)
  A rat (D:1)
17 creatures vanquished.

Notes
Turn   | Place    | Note
-------+----------+-------------------------------------------
     0 | D:1      | qw the Deep Elf Hunter began the quest for the Orb.
     0 | D:1      | Reached XP level 1. HP: 12/12 MP: 3/3
     0 | D:1      | 0 ||| qw: Version: 0.3-a-160-g6735b56
     0 | D:1      | 0 ||| qw: Game counter: 6445
     0 | D:1      | 0 ||| qw: Melee chars always use a shield: true
     0 | D:1      | 0 ||| qw: God list: Okawaru
     0 | D:1      | 0 ||| qw: Allow faded altars: false
     0 | D:1      | 0 ||| qw: Do Orc after clearing Dungeon:15 true
     0 | D:1      | 0 ||| qw: Do second Lair branch before Depths: true
     0 | D:1      | 0 ||| qw: Lair rune preference: random
     0 | D:1      | 0 ||| qw: Goals: Normal
     0 | D:1      | 0 ||| PLANNING D:1-11
    84 | D:1      | Reached XP level 2. HP: 16/16 MP: 4/4
    89 | D:1      | Reached skill level 6 in Ranged Weapons
   157 | D:1      | Found Karepren's Weapon Shoppe.
   165 | D:1      | 165 ||| SHOPLISTING +2 sling "Johiu" {flame, rPois rN+
                  | rCorr} (471 gold, have 20).
   165 | D:1      | 165 ||| SHOPLISTING +9 arbalest "Kegrex" {drain, Str+2}
                  | (900 gold, have 20).
   325 | D:1      | 325 ||| READING scroll labelled WIRAMA QIAZ.
   325 | D:1      | 325 ||| IDENTIFYING lumpy silvery potion
   326 | D:1      | 326 ||| READING scroll labelled YPNOAN ZAUMUSS.
   327 | D:1      | 327 ||| READING scroll labelled XYED FAETISSA.
   327 | D:1      | 327 ||| ENCHANTING +0 shortbow.
   328 | D:1      | 328 ||| DROPPING scroll of butterflies.
   330 | D:1      | 330 ||| Stepping ~*~*~tactically~*~*~ (cloud).
   330 | D:1      | HP: 3/16 [poisoned by you (poison gas)]
   332 | D:1      | Succumbed to their own poison gas

Levels and vault maps discovered:
D:1:      dpeg_arrival_stone_temple_mockup, layout_rooms, serial_shops, shop,
          minmay_misc_feat_columns

Skill      XL: |  1  2 |
---------------+-------+-----
Ranged Weapons | 6 |  6.3
Fighting       | |  1.5
Dodging        | |  2.4
Stealth        | |  1.2

Action                     || total
---------------------------++-------
   Fire: Shortbow          ||    34
    Use: Scroll            ||     3
  Dodge: Dodged            ||     2

Table legend:
 A = Non-vault XP
 B = Vault XP
 C = Vault XP percentage of total XP
 D = Non-vault monster count
 E = Vault monster count
 F = Vault count percentage of total count
                 A         B        C        D         E       F
            +---------+---------+-------+---------+---------+-------
      Total |      26 |       0 |   0.0 |      17 |       0 |   0.0
            +---------+---------+-------+---------+---------+-------
        D:1 |      26 |       0 |   0.0 |      17 |       0 |   0.0
            +---------+---------+-------+---------+---------+-------
